[Event "LEM Niedersachsen-Meister 2025"]
[Site "Verden"]
[Date "2025.01.04"]
[Round "5.1"]
[White "Polster, Christian"]
[Black "Abel, Dennes"]
[Result "1/2-1/2"]
[ECO "B12"]
[WhiteElo "2252"]
[BlackElo "2381"]
[Annotator "TA"]
[PlyCount "22"]
[EventDate "2024.12.27"]
[EventType "swiss"]
[EventCountry "GER"]
[SourceTitle "playchess.com"]
[Source "ChessBase"]
[SourceQuality "1"]
[TimeControl "40/5400+30:1800+30"]

1. e4 c6 2. d4 d5 3. e5 Bf5 4. Nf3 e6 5. Be2 Nd7 6. O-O a5 7. a4 f6 8. c4 {[%emt 0:02:00] With the idea cxd5.} fxe5 {[%emt 0:02:53] The position is equal.} 9. dxe5 {[%emt 0:03:04] aiming for cxd5.} Bc5 10. Nbd2 Ne7 11. Nb3 Bb6 {[%emt 0:13:13] Weighted Error Value: White=0.07 (flawless) /Black=0.04 (flawless) .  Mistake:       	---       	Black=1      Inaccurate:     	White=1     	---        OK:         	White=2     	Black=2      Best:        	---       	Black=1} (11... Ba7 $11) 1/2-1/2

[Event "LEM Niedersachsen-Meister 2025"]
[Site "Verden"]
[Date "2025.01.04"]
[Round "5.2"]
[White "Hampel, Felix"]
[Black "Voege, Tobias"]
[Result "1/2-1/2"]
[ECO "E12"]
[WhiteElo "2343"]
[BlackElo "2292"]
[Annotator "TA"]
[PlyCount "120"]
[EventDate "2024.12.27"]
[EventType "swiss"]
[EventCountry "GER"]
[SourceTitle "playchess.com"]
[Source "ChessBase"]
[SourceQuality "1"]
[TimeControl "40/5400+30:1800+30"]

1. c4 Nf6 2. Nf3 b6 3. Nc3 Bb7 4. d4 e6 5. a3 Ne4 6. Nxe4 Bxe4 7. Bf4 d6 8. e3 Nd7 9. Bd3 Bb7 {[%emt 0:07:51] White has an edge.} 10. Qc2 g6 11. e4 Bg7 12. Bg5 Bf6 13. Be3 c5 14. d5 exd5 15. exd5 b5 16. cxb5 (16. Bh6 $1 $14) 16... O-O $11 17. O-O Bxd5 18. Nd2 Rb8 19. Rad1 Qa5 20. Be2 Nb6 21. Nb1 Rfe8 ({Black should play} 21... Rbc8 $1 $14) 22. Nc3 $2 ({White must play} 22. b4 $1 $18 cxb4 23. Bxb6 Rxb6 24. Rxd5 bxa3 25. Bc4) 22... Bxc3 23. bxc3 Bc4 24. Rxd6 Qxb5 25. Rb1 Qa6 26. Bf3 Qxa3 27. h4 Be6 28. Bg5 Bf5 29. Qc1 (29. Qb2 $11 Nc4 30. Qxb8 Nxd6 31. Qxd6 Bxb1 32. Bd5 Re1+ (32... Qxc3 33. Bxf7+ Kg7 34. Bxe8 h5 35. Qe7+ Kg8 36. Qf7+ Kh8 37. Bf6+) 33. Kh2) 29... Nc4 $15 30. Rxb8 Qxc1+ 31. Bxc1 {[%emt 0:00:05] A strong pair of Bishops.} Rxb8 32. Rd1 Rb1 33. Kh2 Kg7 34. Bf4 (34. Bd5 $15 Ne5 35. Ba2) 34... Rxd1 $17 35. Bxd1 {[%emt 0:00:02][%mdl 4096] Endgame. KBB-KBN} a5 36. Be2 Nb2 (36... Be6 $17 37. Bxc4 Bxc4) 37. c4 f6 {[%emt 0:00:22] [#] Dodges Be5. And now ...a4 would win.} 38. Be3 Bd3 39. Bf3 a4 {[%emt 0:00:43] Strongly threatening ...a3.} 40. Bxc5 Bxc4 41. Ba3 Nd3 42. Be2 Ne5 43. Bd1 Bb3 44. Be2 Kf7 45. f4 Nc6 46. Kg3 Nd4 47. Bd3 Ke6 48. Kf2 f5 (48... Kd5 $17 {Hoping for ...Bc4.} 49. Bb2 Bc4) 49. Ke3 $15 Kd5 {[%emt 0:00:13] ...Bc4 is the strong threat.} 50. Bb2 $1 Ne6 51. h5 Bc4 {[%emt 0:02:22] [#] ...Bxd3 would now be deadly.} 52. Bc2 Bb3 53. Bd3 Bd1 54. hxg6 hxg6 55. g3 Nc5 56. Kd2 Bb3 57. Ke3 Bd1 58. Kd2 Bg4 (58... Nxd3 $17 59. Kxd3 Bb3) 59. Ke3 Ne4 (59... Nxd3 $15 60. Kxd3 Bd1) 60. Bc2 $11 Nxg3 {[%emt 0:03:14] Weighted Error Value: White=0.14 (very precise) /Black=0.13 (very precise) .  Missed win:     	White=1     	---        Mistake:       	White=3     	Black=5      Inaccurate:     	White=5     	Black=4      OK:         	White=25    	Black=24     Best:        	White=4     	Black=3      Strong:       	White=1     	---} 1/2-1/2

[Event "LEM Niedersachsen-Meister 2025"]
[Site "Verden"]
[Date "2025.01.04"]
[Round "5.3"]
[White "Nechitaylo, Nikita"]
[Black "Knuedel, Torben"]
[Result "1/2-1/2"]
[ECO "D04"]
[WhiteElo "2239"]
[BlackElo "2308"]
[Annotator "TA"]
[PlyCount "34"]
[EventDate "2024.12.27"]
[EventType "swiss"]
[EventCountry "GER"]
[SourceTitle "playchess.com"]
[Source "ChessBase"]
[SourceQuality "1"]
[TimeControl "40/5400+30:1800+30"]

1. d4 Nf6 2. Nf3 d5 3. e3 g6 4. Be2 Bg7 5. b3 O-O 6. O-O a5 (6... c5 $11) 7. Bb2 c6 8. c4 Bf5 9. Nc3 Ne4 10. Nxe4 Bxe4 11. Nd2 Bf5 12. Bf3 e5 13. dxe5 Nd7 14. e4 dxe4 15. Bxe4 Bxe4 16. Nxe4 {[%emt 0:00:03] And now f4 would win.} Nxe5 17. Qc2 Qd3 1/2-1/2

[Event "LEM Niedersachsen-Meister 2025"]
[Site "Verden"]
[Date "2025.01.04"]
[Round "5.4"]
[White "von Mettenheim, Johannes"]
[Black "Riemay, David"]
[Result "1-0"]
[ECO "A41"]
[WhiteElo "2333"]
[BlackElo "2243"]
[Annotator "TA"]
[PlyCount "71"]
[EventDate "2024.12.27"]
[EventType "swiss"]
[EventCountry "GER"]
[SourceTitle "playchess.com"]
[Source "ChessBase"]
[SourceQuality "1"]
[TimeControl "40/5400+30:1800+30"]

1. d4 d6 2. Nf3 g6 3. c4 f5 4. b4 Bg7 5. Bb2 a5 6. b5 Nd7 7. e3 e5 8. a4 e4 9. Nfd2 Nh6 10. Be2 O-O 11. Nc3 Kh8 12. Qc2 Nf6 13. O-O Nh5 (13... Be6 $11) 14. Bxh5 $18 gxh5 15. Nd5 Ng4 16. h3 Nf6 17. Nf4 Bh6 (17... Qe8 $16 {was worth a try.} 18. d5 c6 19. dxc6 bxc6) 18. d5 Qe8 (18... Kg8 $142 19. f3 exf3 20. Rxf3 h4) 19. c5 Kg8 20. cxd6 Bxf4 21. exf4 Nxd5 {[%emt 0:00:00] Black is weak on the dark squares} 22. Qc4 Be6 23. Qd4 (23. dxc7 Nxf4 24. Qc2 Qg6 $16) 23... Qg6 {[%emt 0:00:00] [#] Prevents Qg7+} 24. Nc4 $1 (24. dxc7 $2 Nxf4 $19) 24... cxd6 25. Nxd6 (25. Qh8+ Kf7 26. Nxd6+ Ke7) 25... Rf6 $2 (25... Qf6 26. Qxf6 (26. Nxb7 Qxd4 27. Bxd4 Nxf4 $18) 26... Nxf6 27. Nxb7 Nd5) 26. Qe5 (26. Nxb7 $2 Nxf4 27. g3 Ne2+ (27... Nxh3+ 28. Kh1 $18) 28. Kh2 Nxd4 $19) 26... Raf8 27. Nxb7 R8f7 28. Nd8 Rg7 29. g3 e3 {[%emt 0:00:00] ...exf2+ would now be deadly.} 30. Ra3 (30. fxe3 $2 Qxg3+ 31. Kh1 Qxh3#) 30... Rd7 31. Nc6 h4 32. Rxe3 ({Not} 32. Nxa5 hxg3 33. Rxe3 (33. fxe3 $2 {too greedy.} Qh5 $19) 33... gxf2+ 34. Kxf2 Rg7 $18 (34... Nxe3 $2 35. Qxe3 Rg7 36. Bxf6 $18)) 32... Nxe3 33. Qxe3 {[%emt 0:00:08][%cal Oc6e5] Strongly threatening Ne5!.} ({Stronger than} 33. Qxf6 Qxf6 34. Bxf6 Nxf1 35. Kxf1 Bb3 $14) 33... hxg3 34. Ne5 Qh6 35. Nxd7 Rg6 {[%emt 0:00:03] [#]} 36. Nf6+ $1 1-0

[Event "LEM Niedersachsen-Meister 2025"]
[Site "Verden"]
[Date "2025.01.04"]
[Round "5.5"]
[White "Mueer, Sebastian"]
[Black "Hoeffer, David"]
[Result "1-0"]
[ECO "D46"]
[WhiteElo "2175"]
[BlackElo "2322"]
[Annotator "TA"]
[PlyCount "95"]
[EventDate "2024.12.27"]
[EventType "swiss"]
[EventCountry "GER"]
[SourceTitle "playchess.com"]
[Source "ChessBase"]
[SourceQuality "1"]
[TimeControl "40/5400+30:1800+30"]

1. d4 d5 2. c4 c6 3. Nc3 Nf6 4. e3 e6 5. Nf3 Nbd7 6. Bd3 dxc4 7. Bxc4 b5 8. Bd3 Bd6 9. O-O O-O 10. Qc2 Bb7 11. e4 e5 12. h3 a6 13. Be3 Qe7 14. dxe5 Nxe5 15. Nxe5 Bxe5 16. f4 Bxc3 17. bxc3 c5 {[%emt 0:00:10][%cal Bc6c5,Bc5c4][%mdl 32] Threatens to win with ...c4!.} 18. e5 c4 19. Bf5 {[%emt 0:01:14] This pair of bishops is nice.} g6 20. Bd4 ({Better is} 20. Qf2 $1 $14 gxf5 21. Bc5 (21. exf6 Qxf6 22. Bd4 Qg6 $11)) 20... Nd5 {[%emt 0:03:06] [#]} (20... gxf5 $11 21. exf6 Qe6) 21. Bg4 $1 $16 Rad8 22. Qf2 f5 {[%emt 0:04:26] [#]} (22... h5 $142) 23. exf6 $1 $18 Nxf6 24. Bc5 Nxg4 25. hxg4 Qf6 26. Bxf8 Rxf8 27. Qe3 Qc6 28. Rf2 Re8 29. Qd4 Re4 30. Qd8+ Re8 31. Qd4 Re4 32. Qd8+ Re8 33. Qh4 Qd5 (33... Rf8 $142 34. Re1 Qf6 35. Qxf6 Rxf6) 34. f5 Qe5 35. f6 Bd5 36. Qh6 Qc7 37. Rd1 Be6 38. Rfd2 Qc5+ 39. Rd4 Qf8 {[%emt 0:00:53] Prevents Qg7+.} 40. Qg5 Bf7 41. Qd2 a5 42. Re1 Rxe1+ 43. Qxe1 {[%emt 0:00:00] and Qd2 would now be decisive. KQR-KQB} b4 44. cxb4 axb4 45. Qe7 {[%emt 0:00:00] White wants to mate with Rd8.} Be8 46. Qxf8+ Kxf8 47. Rxc4 Bf7 48. Rc8+ 1-0

[Event "LEM Niedersachsen-Meister 2025"]
[Site "Verden"]
[Date "2025.01.04"]
[Round "5.6"]
[White "Bruns, Kai-Christian"]
[Black "Giorgadze, Giorgi Gel"]
[Result "0-1"]
[ECO "C02"]
[WhiteElo "2157"]
[BlackElo "2569"]
[Annotator "TA"]
[PlyCount "94"]
[EventDate "2024.12.27"]
[EventType "swiss"]
[EventCountry "GER"]
[SourceTitle "playchess.com"]
[Source "ChessBase"]
[SourceQuality "1"]
[TimeControl "40/5400+30:1800+30"]

1. e4 e6 2. d4 d5 3. e5 c5 4. c3 Nc6 5. Nf3 Qb6 6. Bd3 cxd4 7. O-O Bd7 8. Re1 Nge7 9. h4 h6 10. h5 Nc8 (10... a6 $15) 11. a3 $11 a6 12. b4 (12. c4 $11) 12... Be7 (12... dxc3 $1 $15 13. Nxc3 Qd8) 13. Nxd4 $14 Bg5 (13... Nxd4 $11 14. Be3 (14. cxd4 Qxd4 15. Ra2 Bg5 $11) 14... Qc7 15. cxd4 (15. Bxd4 Na7 $14) 15... Bb5) 14. Bxg5 $16 hxg5 15. Nxc6 bxc6 (15... Bxc6 $16 16. Qg4 Qd8) 16. Qg4 $18 Qd8 17. Nd2 Qe7 (17... Kf8 18. Nb3 Be8) 18. Nb3 Nb6 19. Na5 (19. a4 $1 $18 {[%cal Ra4a5] Threatens to win with a5.} Bc8 20. a5) 19... Ra7 20. Qe2 (20. a4 $142) 20... c5 $16 {[%emt 0:01:43] [#]} 21. Bxa6 $2 (21. bxc5 $1 $16 Qxc5 22. Nb3) 21... c4 $2 (21... g4 $1 $15 {keeps the upper hand.} 22. bxc5 Qh4 23. cxb6 Qxh5) 22. Bb7 O-O (22... Qd8 $16 23. Qg4 Na4) 23. Qe3 $18 Qd8 24. Nc6 Qc7 $2 (24... Bxc6 {keeps fighting.} 25. Bxc6 g4) 25. Ne7+ $2 (25. Qxg5 Bxc6 26. h6 f5 (26... Qxb7 27. Qxg7#) 27. exf6 Rxf6 28. hxg7 Nd7 $18) (25. Nxa7 $18 Qxb7 26. Qxg5) 25... Kh7 $11 {[%emt 0:02:20] [#]} 26. Qxg5 $1 Be8 $1 {[%emt 0:03:42] [#]} 27. Bxd5 Qxe7 $15 28. Be4+ Kh8 29. Qe3 Nd5 30. Bxd5 exd5 31. h6 (31. Red1 $11) 31... Ra6 $36 {[%emt 0:01:47][%mdl 2048] Black has the initiative.} 32. hxg7+ Kxg7 33. Qd4 Rh6 34. g3 $2 (34. e6+ $1 $11 Qf6 35. exf7 (35. Qxf6+ Kxf6 36. exf7 Kxf7 $17) 35... Bxf7 36. Qxf6+ Kxf6 (36... Rxf6 37. b5 $17) 37. b5) 34... Qe6 35. g4 $2 (35. f3 {was forced.}) 35... Rfh8 $19 36. Kg2 Rh2+ {[%emt 0:02:21] White is weak on the light squares} 37. Kf3 R2h3+ 38. Kg2 (38. Ke2 $142) 38... Rd3 39. Qf4 d4 {[%emt 0:00:26] ...Bc6+ would now be deadly.} 40. f3 Bc6 41. Rf1 Rxc3 42. b5 Bd5 43. Qxd4 {[%emt 0:06:58] [#]} Qh6 $1 44. e6+ Kg6 45. Rg1 Qh3+ 46. Kf2 Qxf3+ 47. Ke1 Re3+ 0-1

[Event "LEM Niedersachsen-Meister 2025"]
[Site "Verden"]
[Date "2025.01.04"]
[Round "5.7"]
[White "Stelmaszyk, Nico"]
[Black "Schiller, Jan-Hendrik"]
[Result "1-0"]
[ECO "B06"]
[WhiteElo "2403"]
[BlackElo "1952"]
[Annotator "TA"]
[PlyCount "41"]
[EventDate "2024.12.27"]
[EventType "swiss"]
[EventCountry "GER"]
[SourceTitle "playchess.com"]
[Source "ChessBase"]
[SourceQuality "1"]
[TimeControl "40/5400+30:1800+30"]

1. e4 c5 2. c3 d5 3. exd5 Qxd5 4. d4 g6 5. Nf3 Bg7 6. Nbd2 {[%emt 0:00:34] And now Bc4 would win.} cxd4 7. Bc4 Qd8 8. Nxd4 Nf6 9. O-O O-O 10. N2f3 Qc7 11. Qe2 a6 {[%emt 0:04:54] Repels Nb5} 12. Re1 Bg4 13. Bb3 (13. Qxe7 $2 Qxc4 14. Qxb7 Nbd7 $19) 13... Nc6 14. Qc4 (14. Nxc6 Qxc6 15. Ne5 Bxe2 16. Nxc6 bxc6 17. Rxe2 e6 18. Bg5) 14... Bxf3 $1 15. Nxf3 Rac8 (15... e6 {simplifies} 16. Bf4 Qc8 17. Qe2 Na5) 16. Bf4 b5 {[%emt 0:00:47] [#]} 17. Qxf7+ $3 $16 Rxf7 18. Bxc7 {[%emt 0:00:06] White is much more active.} Rxc7 19. Ng5 $1 e5 $2 20. Nxf7 $18 (20. Bxf7+ Rxf7 21. Nxf7 Kxf7 $18) 20... Rxf7 21. a4 ({Resist} 21. Bxf7+ Kxf7 22. a4 e4 23. axb5 axb5 $18) 1-0

[Event "LEM Niedersachsen-Meister 2025"]
[Site "Verden"]
[Date "2025.01.04"]
[Round "5.8"]
[White "Lichtmannecker, Daniel"]
[Black "Pubantz, Jan"]
[Result "1-0"]
[ECO "B12"]
[WhiteElo "2171"]
[BlackElo "2339"]
[Annotator "TA"]
[PlyCount "65"]
[EventDate "2024.12.27"]
[EventType "swiss"]
[EventCountry "GER"]
[SourceTitle "playchess.com"]
[Source "ChessBase"]
[SourceQuality "1"]
[TimeControl "40/5400+30:1800+30"]

1. e4 c6 2. d4 d5 3. e5 Bf5 4. Nd2 e6 5. Nb3 Nd7 6. Nf3 Qc7 7. Be3 h6 8. Be2 Ne7 9. a4 Be4 10. a5 a6 11. O-O c5 12. Nxc5 (12. dxc5 Nf5 $11) 12... Nxc5 13. dxc5 Nf5 14. b4 Bxf3 ({Black should try} 14... g5 $14) 15. Bxf3 $18 Be7 (15... O-O-O 16. Re1 g5) 16. c4 Nxe3 (16... d4 {was called for.}) 17. fxe3 O-O 18. cxd5 exd5 19. Qxd5 Bg5 20. Rae1 Rab8 (20... Rfe8 $142 21. Qxb7 Qxe5) 21. Qd6 Qd8 22. Bd5 Be7 23. Qxd8 Bxd8 24. e6 Bf6 25. exf7+ Kh8 26. e4 {[%emt 0:00:48] Threatens to win with e5.} Bc3 27. Rb1 g6 28. Rf3 Bd4+ 29. Kf1 Kg7 30. Ke2 Rfd8 31. Kd3 Be5 32. h3 Rd7 33. Kc4 1-0

[Event "LEM Niedersachsen-Meister 2025"]
[Site "Verden"]
[Date "2025.01.04"]
[Round "5.9"]
[White "Lammers, Markus"]
[Black "Peters, Tom"]
[Result "1-0"]
[ECO "D30"]
[WhiteElo "2304"]
[BlackElo "2166"]
[Annotator "TA"]
[PlyCount "33"]
[EventDate "2024.12.27"]
[EventType "swiss"]
[EventCountry "GER"]
[SourceTitle "playchess.com"]
[Source "ChessBase"]
[SourceQuality "1"]
[TimeControl "40/5400+30:1800+30"]

1. d4 Nf6 2. c4 e6 3. Nf3 d5 4. e3 Be7 5. b3 O-O 6. Bd3 c5 7. O-O dxc4 8. bxc4 b6 9. e4 Bb7 ({Much weaker is} 9... cxd4 $6 10. e5 $16) 10. d5 exd5 11. cxd5 Nxd5 12. exd5 $16 Bf6 {[%emt 0:01:26][%cal Oh7h6] [#] ...h6! would now be deadly.} 13. Nc3 $1 Bxc3 $11 14. Bxh7+ $1 Kh8 {[%emt 0:03:30] [#]} 15. Be4 $1 {[%emt 0:10:19][%cal Of3g5] aiming for Ng5!.} Bxa1 (15... Kg8 16. Rb1) 16. Ng5 g6 $1 {[%emt 0:01:25] Inhibits Qh5+.} 17. Qg4 $1 {[%emt 0:00:05] Dodges Nd7} 1-0

[Event "LEM Niedersachsen-Meister 2025"]
[Site "Verden"]
[Date "2025.01.04"]
[Round "5.10"]
[White "Bargsten, Justus"]
[Black "Plischki, Sebastian"]
[Result "1/2-1/2"]
[ECO "B53"]
[WhiteElo "2228"]
[BlackElo "2323"]
[Annotator "TA"]
[PlyCount "208"]
[EventDate "2024.12.27"]
[EventType "swiss"]
[EventCountry "GER"]
[SourceTitle "playchess.com"]
[Source "ChessBase"]
[SourceQuality "1"]
[TimeControl "40/5400+30:1800+30"]

1. e4 c5 2. Nf3 d6 3. d4 cxd4 4. Qxd4 Nc6 5. Bb5 Bd7 6. Qd3 Nf6 7. c4 g6 8. Nc3 Bg7 9. O-O O-O 10. h3 a6 11. Bxc6 Bxc6 12. Nd4 Nd7 13. Be3 Nc5 14. Qc2 Ne6 15. Rfd1 Qa5 16. Rac1 Rac8 17. Qd2 Rfe8 18. Nxe6 fxe6 19. Bd4 Bxd4 20. Qxd4 Red8 21. a3 Be8 22. Nb1 Qc5 23. Rc3 Qxd4 24. Rxd4 e5 25. Rd1 Rd7 26. Rdc1 Rdc7 27. b3 Kf8 28. a4 e6 29. Kf1 Ke7 30. Ke2 Bc6 31. f3 b5 32. cxb5 axb5 33. axb5 Bxb5+ 34. Kd2 Kd7 35. Rxc7+ Rxc7 36. Nc3 Bc6 37. b4 d5 38. b5 Bb7 39. Ra1 Kd6 40. Kd3 g5 41. h4 gxh4 42. Rh1 Rg7 43. Rxh4 Rxg2 44. Rxh7 Bc8 45. Rh6 d4 46. Ne2 Bd7 47. Nxd4 exd4 48. Kxd4 Bxb5 49. f4 Rd2+ 50. Kc3 Rd3+ 51. Kb4 Bd7 52. f5 Rd4+ 53. Kc3 Rxe4 54. fxe6 Bxe6 55. Kd3 Rg4 56. Ke3 Ke5 57. Rh8 Rg3+ 58. Kf2 Rb3 59. Re8 Kf5 60. Ke2 Bd5 61. Kd2 Be4 62. Re7 Kf4 63. Re8 Rd3+ 64. Ke2 Rc3 65. Rf8+ Bf5 66. Rd8 Rc6 67. Rd4+ Be4 68. Rd8 Rc2+ 69. Rd2 Rc8 $1 70. Rd7 $1 Rc2+ 71. Rd2 Rc1 72. Rd4 Rh1 73. Kd2 Ke5 74. Rb4 Rh2+ 75. Ke3 Rh3+ 76. Kd2 Rd3+ 77. Ke2 Kf4 78. Ra4 Rb3 79. Kd2 Ke5 80. Ra7 Bc6 81. Rh7 Kd4 82. Kc2 Rb8 83. Rc7 Be4+ 84. Kc1 Rb1+ 85. Kd2 Rb2+ 86. Kc1 Rg2 87. Rd7+ Ke3 88. Rd2 Rg5 89. Rh2 Rb5 90. Rh3+ Kd4 91. Rh8 Bd3 92. Rc8 Ke3 93. Kd1 $1 (93. Rc3 $2 Rb1#) 93... Rb2 94. Re8+ Be4 ({Resist} 94... Kf2 95. Re7 $15) 95. Rc8 $1 Rh2 96. Kc1 Bd3 97. Rc7 Rf2 98. Rc8 ({Of course not} 98. Rc3 Ra2 $15) 98... Kd4 99. Ra8 Bc4 100. Ra3 Kc5 101. Rg3 Kb4 102. Kd1 Ra2 103. Ke1 Re2+ 104. Kd1 Kc5 1/2-1/2

[Event "LEM Niedersachsen-Meister 2025"]
[Site "Verden"]
[Date "2025.01.04"]
[Round "5.11"]
[White "Drygala, Lars"]
[Black "Meiwes, Thore"]
[Result "1/2-1/2"]
[ECO "D02"]
[WhiteElo "2067"]
[BlackElo "2120"]
[Annotator "TA"]
[PlyCount "120"]
[EventDate "2024.12.27"]
[EventType "swiss"]
[EventCountry "GER"]
[SourceTitle "playchess.com"]
[Source "ChessBase"]
[SourceQuality "1"]
[TimeControl "40/5400+30:1800+30"]

1. d4 Nf6 2. Nf3 d5 3. Bf4 c5 4. c3 Nc6 5. Nbd2 Qb6 6. Qb3 c4 (6... cxd4 $142 7. Nxd4 e5 (7... Nxd4 8. Qxb6 Nc2+ 9. Kd1 $17) 8. Qxb6 axb6 9. Nxc6 exf4) 7. Qxb6 axb6 {[%emt 0:00:03] [#]} 8. e4 b5 (8... dxe4 $15 9. Ne5 b5) 9. exd5 $11 Nxd5 10. Bg3 Bf5 11. Be2 e6 12. O-O Be7 13. a4 bxa4 14. Bxc4 O-O 15. Nh4 Bg4 16. h3 Bh5 17. Bxd5 (17. Nf5 $5) 17... exd5 18. Nf5 Bf6 19. Rfe1 Bg6 20. Nd6 b6 $1 21. Nb5 Ra5 22. Na3 h6 23. Bd6 Rc8 (23... Rd8 $11 {feels stronger.} 24. Bc7 Rd7 25. Re8+ (25. Bxb6 Ra8 $11) 25... Kh7 26. Bxb6 Ra6) 24. b4 (24. Nf1 $14) 24... axb3 25. Nxb3 Ra4 26. Nb5 {[%emt 0:00:44] Wards off Na7} Rxa1 27. Rxa1 Bd3 28. Nc7 Bd8 {[%emt 0:02:07] A strong pair of Bishops.} 29. Ra8 $1 (29. Nxd5 Bc4 30. Nxb6 Bxb6 $19) 29... Rxa8 30. Nxa8 Na5 31. Nd2 Nc4 32. Nxc4 Bxc4 33. Bc7 Bxc7 34. Nxc7 {[%emt 0:00:04][%mdl 4096] Endgame. KB-KN} Kf8 {[%emt 0:00:09] [#] Strongly threatening ...Ke7.} 35. Na8 $1 Ke7 {[%emt 0:05:31] Threatens to win with ...Kd6.} 36. Nxb6 Bb3 {[%emt 0:00:04] ...Kd6 is the strong threat.} 37. c4 $1 Bxc4 {[%emt 0:02:10] aiming for ...Bb3.} (37... dxc4 $5 38. Nd5+ $8 Ke6 $11) 38. Na4 Kd6 39. f4 Kc6 40. Nc3 Kb6 41. Kf2 Ka5 42. Ke3 Kb4 43. Nd1 Bf1 44. Kf2 Bd3 45. Ke3 Be4 46. g3 Bc2 47. Nf2 Kc3 48. Ng4 f6 49. Nh2 Be4 50. h4 Bg2 51. Kf2 Be4 52. Ke3 {[%emt 0:00:05] The position is equal.} Kc2 53. g4 g5 54. hxg5 hxg5 55. fxg5 fxg5 56. Nf1 Bg2 57. Ng3 Bh3 58. Kf3 Kd3 59. Nf5 Kc3 60. Ng7 Kxd4 {[%emt 0:00:00] Weighted Error Value: White=0.10 (very precise) /Black=0.11 (very precise) .  Mistake:       	White=2     	Black=3      Inaccurate:     	White=6     	Black=5      OK:         	White=26    	Black=18     Best:        	White=3     	---        Strong:       	White=3     	Black=1} 1/2-1/2

[Event "LEM Niedersachsen-Meister 2025"]
[Site "Verden"]
[Date "2025.01.04"]
[Round "5.12"]
[White "Garbuszus, Juergen"]
[Black "ter Stal, Lars"]
[Result "1-0"]
[ECO "E24"]
[WhiteElo "2068"]
[BlackElo "1815"]
[Annotator "NA RC"]
[PlyCount "101"]
[EventDate "2024.12.27"]
[EventType "swiss"]
[EventCountry "GER"]
[SourceTitle "playchess.com"]
[Source "ChessBase"]
[SourceQuality "1"]
[TimeControl "40/5400+30:1800+30"]

1. d4 Nf6 2. c4 e6 3. Nc3 Bb4 4. a3 Bxc3+ 5. bxc3 b6 6. f3 O-O 7. e4 {[%emt 0:00:08] E24: Nimzo-Indian: Sämisch: Unusual Black 5th moves and 5...c5 sidelines.} d6 {[%emt 0:02:58] 7...Ne8 might become the main line.} 8. Bg5 Nbd7 9. Bd3 e5 10. Ne2 c5 11. d5 Re8 12. O-O Nf8 13. f4 $146 ({Predecessor:} 13. Qd2 h6 14. Be3 Ng6 15. Kh1 Rb8 16. g4 Nh7 17. Ng3 Ng5 18. Nf5 {½-½ Cora,M (1898)-Bdair,B (2004) Vicenza op 8th 2004 (3)}) 13... exf4 14. Rxf4 Ng6 (14... N8d7 $1 $11 {remains equal.}) 15. Rf2 Ne5 16. Bxf6 gxf6 17. Ng3 Kh8 18. Be2 Rg8 19. Nh5 {[%emt 0:04:55] [#]} f5 $2 20. exf5 Qg5 21. Qc1 Ba6 22. Qxg5 Rxg5 23. h4 Rgg8 24. Rf4 h6 25. Kh2 Rge8 26. Nf6 Re7 27. Bf1 Rd8 28. Kh3 Nd7 {[%emt 0:00:00] [#]} 29. Ne4 $1 Ne5 30. Ng3 Rde8 31. f6 Ng6 32. fxe7 Nxf4+ 33. Kh2 Rxe7 34. Nf5 Re5 35. Nxd6 Kg7 36. g3 Nh5 37. Bd3 Kf6 38. Rf1+ Ke7 39. Nf5+ Ke8 40. g4 Nf6 41. Nxh6 Nxd5 42. Nxf7 Re3 43. Bg6 Re2+ 44. Kg3 Ne3 45. Rf4 Ke7 46. Re4+ Kf6 47. h5 Nf1+ 48. Kf3 Nd2+ 49. Kxe2 Nxe4 50. Ke3 Bxc4 51. Kxe4 $18 1-0

[Event "LEM Niedersachsen-Meister 2025"]
[Site "Verden"]
[Date "2025.01.04"]
[Round "5.13"]
[White "Sreyas Payyappat"]
[Black "Gaertner, Alessandro"]
[Result "1/2-1/2"]
[ECO "B14"]
[WhiteElo "2115"]
[BlackElo "1970"]
[Annotator "TA"]
[PlyCount "107"]
[EventDate "2024.12.27"]
[EventType "swiss"]
[EventCountry "GER"]
[SourceTitle "playchess.com"]
[Source "ChessBase"]
[SourceQuality "1"]
[TimeControl "40/5400+30:1800+30"]

1. e4 c6 2. d4 d5 3. exd5 cxd5 4. c4 Nf6 5. Nc3 Nc6 6. Nf3 g6 7. c5 Bg7 8. Bb5 Bd7 (8... Bg4 $15) 9. O-O $14 O-O 10. Bxc6 Bxc6 11. b4 Ne4 12. Bb2 a5 13. a3 axb4 14. axb4 Qd7 15. Qb3 Nxc3 16. Qxc3 Qf5 17. Rfe1 e6 (17... Rxa1 {simplifies} 18. Rxa1 f6 19. h3 Bb5) 18. Ne5 Bb5 19. c6 (19. h3 $11) 19... bxc6 $17 20. Nxc6 (20. Ra5 $17 {was called for.}) 20... Bxc6 $19 21. Qxc6 Rac8 22. Qa6 Rc2 23. Re2 Rxb2 24. Rxb2 {[%emt 0:00:06] aiming for Rd1.} Bxd4 25. Qa2 Bxb2 26. Qxb2 {[%emt 0:00:05][%mdl 4096] Endgame KQR-KQR. Black is a pawn up.} Rb8 (26... Rc8 $142 27. b5 d4 28. Qxd4 (28. b6 Qd5 $15) 28... Qxb5) 27. b5 $17 d4 28. b6 Qd5 29. Rd1 Qc6 30. Qxd4 Qxb6 (30... Rxb6 31. Qd8+ Kg7 32. Qd4+ f6 33. h4 $11) 31. Qf6 Qb3 (31... Qb1 $17 32. Qd8+ Rxd8 33. Rxb1 Rd4) 32. Rc1 (32. Rd8+ $11 Rxd8 33. Qxd8+ Kg7 34. Qd4+ Kh6 35. Qf4+ Kg7 36. Qd4+) 32... Qb6 33. Rd1 $1 Qc7 34. h4 h5 35. g3 Rf8 36. g4 {[%emt 0:03:52] [#]} Qc5 (36... hxg4 37. Qg5 $17) (36... Qc2 $1 $19 37. Qd4 hxg4 38. Qxg4 Qc5) 37. g5 Qf5 (37... e5 {looks sharper.} 38. Rd6 Re8 39. Rd8 Rxd8 40. Qxd8+ Kh7) 38. Kh2 Qxf6 39. gxf6 {[%emt 0:00:06] [#] KR-KR. Black is a pawn up.} Re8 (39... e5 $1 $17 40. Rd7 Re8) 40. Rd7 (40. f4 $11 {remains equal.}) 40... e5 41. Re7 Rd8 42. Rxe5 Rd6 43. Kg3 Rxf6 44. f4 Kg7 45. Ra5 Rc6 ({Black should play} 45... Kh6 $17) 46. f5 $1 $15 Rc3+ 47. Kg2 Rc4 48. fxg6 fxg6 49. Kg3 Rc3+ 50. Kg2 Kf6 51. Ra6+ Kf5 52. Ra5+ Kg4 {[%emt 0:00:43][%cal Oc3c4] ...Rc4! would now be deadly.} 53. Ra4+ Kf5 54. Ra5+ 1/2-1/2